 Dungeon Crawl Stone Soup version 0.31-a0-198-g2ad674f65e (webtiles) character file.

Game seed: 15940901725854253541

85 qw the Shooter (level 4, 0/25 HPs)
             Began as a Deep Elf Hunter on June 25, 2023.
             Slain by an orc wizard
             ... wielding a +0 war axe
              (5 damage)
             ... on level 4 of the Dungeon.
             The game lasted 00:00:21 (914 turns).

qw the Shooter (Deep Elf Hunter)                     Turns: 914, Time: 00:00:21

Health: 0/25       AC:  6    Str: 10    XL:     4   Next: 25%
Magic:  6/6        EV: 11    Int: 14    God:
Gold:   56         SH:  0    Dex: 18    Spells: 3/3 levels left

rFire   . . .        Y - +0 shortbow
rCold   . . .        (shield currently unavailable)
rNeg    . . .        f - +0 ring mail
rPois   .            (no helmet)
rElec   .            (no cloak)
rCorr   .            e - +0 pair of gloves
SInv    .            (no boots)
Will    .....        (no amulet)
Stlth   +            (no ring)
HPRegen 0.24/turn    (no ring)
MPRegen 0.10/turn

%: no passive effects
@: no status effects
A: no striking features
a: no special abilities


You were on level 4 of the Dungeon.
You visited 1 branch of the dungeon, and saw 3 of its levels.

You collected 56 gold pieces.


   Skills:
 - Level 1.5 Fighting
 + Level 7.7 Ranged Weapons
 - Level 2.4 Dodging
 - Level 1.2 Stealth


You had 3 spell levels left.
You didn't know any spells.
Your spell library was empty.

Inventory:

Hand Weapons
 Y - a +0 shortbow (weapon)
Armour
 e - a +0 pair of gloves (worn)
 f - a +0 ring mail (worn)
Scrolls
 a - a scroll of identify
 b - a scroll of blinking {unknown}
 c - a scroll of poison {unknown}
 d - 2 scrolls of teleportation {unknown}

Dungeon Overview and Level Annotations

Branches:
Dungeon (2/15)

Altars:


Message History

The orc wizard casts a spell at you.
You are confused.
The orc wizard casts a spell at you. The puff of flame hits you!
You hear a shout!
An orc wizard comes into view. It is wielding a +0 dagger.
An orc comes into view. It is wielding a +0 short sword.
The orc wizard points at you and mumbles some strange words.
You are more confused.
You hear a shout!
An orc comes into view. It is wielding a +0 whip.
The orc wizard barely misses you.
The orc wizard hits you with a +0 war axe.
The orc wizard barely misses you.
The orc wizard hits you with a +0 war axe.
The orc wizard hits you but does no damage. x2
The orc wizard barely misses you.
The orc wizard gestures at you while chanting.
The magic dart hits you but does no damage.
You feel less confused. The orc wizard barely misses you.
The orc wizard closely misses you.
You shoot an arrow. The arrow hits the orc wizard.
The orc wizard is lightly wounded.
The orc wizard misses you. The orc wizard barely misses you.
You shoot an arrow. The arrow hits the orc wizard!
The orc wizard is almost dead.
The orc wizard casts a spell.
The orc wizard flickers and vanishes!
Deactivating autopickup; reactivate with Ctrl-A.
The orc wizard closely misses you.
You shoot an arrow. The arrow hits the orc wizard.
The orc wizard is moderately wounded.
Something hits you but does no damage. The orc wizard closely misses you.
You shoot an arrow. The arrow hits the orc wizard!
The orc wizard is almost dead.
You hear some strange, mumbled words.
A magic dart appears from out of thin air!
The magic dart hits you!
The orc wizard hits you with a +0 war axe.
You die...

### ###
..<. ..#
..# #.#
###########
..##.#
#....)...))
#.#.#.#.##
#.#########
..$..o{o.#
#.# # #@.#
#.# #
##..#####.#
#
#.........#
#
#.......###
# #....>..#
# #..%###.#
# #...# #.#
# #.#.# #.#
# #.#.# #.#
#


You could see an orc wizard and an orc.

Vanquished Creatures
  2 orc wizards (D:4)
  An adder (D:2)
  2 orcs (D:4)
  A bat (D:2)
  4 endoplasms
  4 goblins
  2 hobgoblins
  4 kobolds
  A quokka (D:2)
  2 frilled lizards (D:1)
  3 rats (D:1)
26 creatures vanquished.

Notes
Turn   | Place    | Note
-------+----------+-------------------------------------------
     0 | D:1      | qw the Deep Elf Hunter began the quest for the Orb.
     0 | D:1      | Reached XP level 1. HP: 12/12 MP: 3/3
     0 | D:1      | 0 ||| qw: Version: 0.3-a-22-g0ed2b0b
     0 | D:1      | 0 ||| qw: Game counter: 5369
     0 | D:1      | 0 ||| qw: Melee chars always use a shield: true
     0 | D:1      | 0 ||| qw: God list: Okawaru
     0 | D:1      | 0 ||| qw: Allow faded altars: false
     0 | D:1      | 0 ||| qw: Do Orc after clearing Dungeon:15 true
     0 | D:1      | 0 ||| qw: Do second Lair branch before Depths: true
     0 | D:1      | 0 ||| qw: Lair rune preference: random
     0 | D:1      | 0 ||| qw: Goals: Normal
     0 | D:1      | 0 ||| PLANNING D:1-11
   292 | D:1      | Reached XP level 2. HP: 16/16 MP: 4/4
   313 | D:1      | Reached skill level 6 in Ranged Weapons
   628 | D:1      | 628 ||| UPGRADING to +0 pair of gloves.
   633 | D:1      | 633 ||| UPGRADING to +0 ring mail.
   643 | D:1      | 643 ||| DROPPING +0 leather armour.
   644 | D:1      | 644 ||| READING 2 scrolls labelled LIPLAU JIOZENI.
   645 | D:1      | 645 ||| READING scroll labelled OGIFIO BUAWI.
   646 | D:1      | 646 ||| DROPPING scroll of butterflies.
   709 | D:2      | Reached XP level 3. HP: 11/20 MP: 5/5
   770 | D:2      | You fall into a shaft and drop 2 floors!
   793 | D:4      | Reached skill level 7 in Ranged Weapons
   799 | D:4      | Reached XP level 4. HP: 8/25 MP: 6/6
   914 | D:4      | HP: 5/25 [something/magic dart (9)]
   914 | D:4      | Slain by an orc wizard

Levels and vault maps discovered:
D:1:      scummos_arrival_gate, layout_loops_ring
D:2:      layout_basic, basic_altar, minmay_crystal_room, minmay_circle_x,
          uniq_terence, uniq_natasha
D:4:      layout_loops_ring, mainiacjoe_overflow_paths,
          mainiacjoe_overflow_cross_hatched, kennysheep_mini, temple_green

Skill      XL: |  1  2  3 |
---------------+----------+-----
Ranged Weapons | 6 7 |  7.7
Fighting       | |  1.5
Dodging        | |  2.4
Stealth        | |  1.2

Action                     |  1- 3 |  4- 6 || total
---------------------------+-------+-------++-------
   Fire: Shortbow          |    63 |     9 ||    72
    Use: Scroll            |     2 |       ||     2
 Armour: Ring mail         |    14 |     4 ||    18
         Leather armour    |     2 |       ||     2
  Dodge: Dodged            |     9 |     9 ||    18

Table legend:
 A = Non-vault XP
 B = Vault XP
 C = Vault XP percentage of total XP
 D = Non-vault monster count
 E = Vault monster count
 F = Vault count percentage of total count
                 A         B        C        D         E       F
            +---------+---------+-------+---------+---------+-------
      Total |     104 |      18 |  14.8 |      22 |       4 |  15.4
            +---------+---------+-------+---------+---------+-------
        D:1 |      18 |       0 |   0.0 |      12 |       0 |   0.0
        D:2 |       8 |      18 |  69.2 |       4 |       4 |  50.0
        D:4 |      78 |       0 |   0.0 |       6 |       0 |   0.0
            +---------+---------+-------+---------+---------+-------
